 Dungeon Crawl Stone Soup version 0.30-b1-2-g02819fbbbe (webtiles) character file.

Game seed: 18295425063686645214

1 prikolics the Grasshopper (level 1, 0/19 HPs)
             Began as a Naga Warper on Aug 8, 2023.
             Slain by a kobold
             ... wielding a +0 club
              (4 damage)
             ... on level 1 of the Dungeon.
             The game lasted 00:01:24 (120 turns).

prikolics the Grasshopper (Naga Warper)              Turns: 120, Time: 00:01:25

Health: 0/19       AC:  1    Str: 13    XL:     1   Next: 20%
Magic:  3/3        EV:  9    Int: 13    God:
Gold:   0          SH:  0    Dex: 10    Spells: 4/4 levels left

rFire   . . .        a - +0 spear
rCold   . . .        (no shield)
rNeg    . . .        b - +0 leather armour
rPois   +            (no helmet)
rElec   .            (no cloak)
rCorr   .            (no gloves)
SInv    +            (no barding)
Will    .....        (no amulet)
Stlth   +            (no ring)
HPRegen 0.23/turn    (no ring)
MPRegen 0.08/turn

%: no passive effects
@: very slow
A: AC +0, large, see invisible, deformed body, poison resistance, slowness 2,
spit poison 1, naga tail 1
a: Spit Poison


You were on level 1 of the Dungeon.
You visited 1 branch of the dungeon, and saw 1 of its levels.

Inventory:

Hand Weapons
 a - a +0 spear (weapon)
Missiles
 d - 7 boomerangs of dispersal (quivered)
 g - 2 stones
Armour
 b - a +0 leather armour (worn)
Jewellery
 f - a +6 ring of intelligence
Scrolls
 c - a scroll of blinking
 h - a scroll of vulnerability {unknown}
Potions
 e - a potion of curing {unknown}


   Skills:
 + Level 2.0 Fighting
 + Level 2.0 Polearms
 + Level 0.8 Throwing
 + Level 0.7 Armour
 + Level 1.5 Dodging
 + Level 2.0 Spellcasting
 + Level 3.1 Translocations


You had 4 spell levels left.
You didn't know any spells.
Your spell library contained the following spells:

 Spells                   Type           Power      Damage    Failure   Level
 Blink                    Tloc           18%        N/A       14%         2
 Lesser Beckoning         Tloc           18%        N/A       14%         2
 Teleport Other           Tloc           9%         N/A       26%         3
 Vhi's Electric Charge    Tloc/Air       10%        N/A       45%         3
 Manifold Assault         Tloc           9%         N/A       65%         4


Dungeon Overview and Level Annotations

Branches:
Dungeon (1/15)

Altars:


Innate Abilities, Weirdness & Mutations

Your serpentine skin is tough. (AC +0)
You have supernaturally acute eyesight. (SInv)
Armour fits poorly on your strangely shaped body.
Your system is resistant to poisons. (rPois)
You cover ground very slowly.
You can spit poison.
You have a snake-like lower body.


Message History

Aim: a kobold, wielding a +0 dagger and quivering stones (about 47% to evade your +0 spear)
You reach to attack!
You hit the kobold.
You kill the kobold!
Things that are here:
a +0 dagger; 2 stones; a kobold corpse
Things that are here:
a +0 dagger; 2 stones; a kobold corpse
g - 2 stones
Found a hand axe.
You see here a +0 hand axe.
A goblin comes into view. It is wielding a +0 club.
Found a pair of boots.
Found a stone staircase leading down.
The goblin shouts!
You hear a shout!
A quokka comes into view.
The goblin moves out of view.
A kobold comes into view. It is wielding a +0 club.
The kobold shouts!
The quokka bites you.
You see here a scroll labelled ASACOT FUAN.
h - a scroll labelled ASACOT FUAN The quokka barely misses you.
You closely miss the quokka. The quokka barely misses you.
You hit the quokka.
The quokka is heavily wounded.
The quokka closely misses you.
You closely miss the quokka.
The quokka is heavily wounded.
The quokka bites you.
You hit the quokka.
The quokka is severely wounded.
The quokka bites you. x2
* * * LOW HITPOINT WARNING * * *
You hit the quokka.
The quokka is almost dead.
The quokka twitches its whiskers.
The quokka barely misses you. The quokka attacks as you move away!
The quokka bites you.
* * * LOW HITPOINT WARNING * * *
The kobold attacks as you move away! The kobold hits you with a +0 club.
You die...

######## . #......# ..
#.####)# ###### ... #.#
#.# #....# .... #.# #.#
#.#.##
#...###.##.#.####.#.#
#....gr@...#......#.#
#..>##K###.########.#
#............######.#
###
##############...##.#
..## #######.##
##.###.#.##.# #..#
#...##...# #...##...##.#
...#
#.####...###...##.####.#
#..# #.#
#..#..#).#..#......#
#..#
#.###.###.#.###.#.######


You could see a quokka, a goblin and a kobold.

Vanquished Creatures
  A kobold (D:1)
1 creature vanquished.

Notes
Turn   | Place    | Note
-------+----------+-------------------------------------------
     0 | D:1      | prikolics the Naga Warper began the quest for the Orb.
     0 | D:1      | Reached XP level 1. HP: 19/19 MP: 3/3
   120 | D:1      | Slain by a kobold

Illustrated notes

Levels and vault maps discovered:
D:1:      co_arrival_square_in_a_square_in_a_square, layout_basic,
          hellmonk_ecumenical_altar_run_dry, serial_curves, eino_curves_03,
          eino_curves_04

Action                     || total
---------------------------++-------
  Melee: Spear             ||     6
  Dodge: Dodged            ||     4
